 Dungeon Crawl Stone Soup version 0.24.0-123-gd5b16e6ec5 (webtiles) character file.

Game seed: 7175711568225519971, levelgen mode: deterministic

47 Emblim88 the Chiller (level 3, 24/24 HPs)
             Began as a Barachi Ice Elementalist on Jan 11, 2020.
             Got out of the dungeon alive.
             The game lasted 00:04:39 (1973 turns).

Emblim88 the Chiller (Barachi Ice Elementalist)     Turns: 1973, Time: 00:04:40

Health: 24/24      AC:  2    Str:  9    XL:     3   Next: 70%
Magic:  7/7        EV: 13    Int: 16    God:
Gold:   23         SH:  0    Dex: 12    Spells: 1/7 levels left

rFire    . . .     SeeInvis .   b - +0 club
rCold    . . .     Gourm    .   (no shield)
rNeg     . . .     Faith    .   a - +0 robe
rPois    .         Spirit   .   (no helmet)
rElec    .         Reflect  .   (no cloak)
rCorr    .         Harm     .   (no gloves)
MR       .....                  (no boots)
Stlth    ++........             (no amulet)
HPRegen  0.08/turn              (no ring)
MPRegen  0.10/turn              (no ring)

@: slow
A: +LOS, swims, slowness 1, strong legs 1
a: Hop


You escaped.
You were very hungry.

You visited 1 branch of the dungeon, and saw 1 of its levels.

You collected 23 gold pieces.

Inventory:

Hand Weapons
 b - a +0 club (weapon)
Armour
 a - a +0 robe (worn)
Scrolls
 d - 4 scrolls of identify {unknown}
 e - a scroll of immolation {unknown}
 f - a scroll of blinking {unknown}
 i - a scroll of enchant weapon {unknown}
Potions
 g - a potion of magic {unknown}
 h - 2 potions of lignification {unknown}
Comestibles
 c - 4 rations


   Skills:
 + Level 2.8 Dodging
 - Level 1.7 Stealth
 + Level 2.8 Spellcasting
 - Level 1.1 Conjurations
 * Level 4.7 Ice Magic


You had one spell level left.
You knew the following spells:

 Your Spells              Type           Power        Failure   Level  Hunger
a - Freeze                Ice            ###.         2%          1    #......
b - Throw Frost           Conj/Ice       ##....       9%          2    ##.....
c - Ozocubu's Armour      Chrm/Ice       #.......     22%         3    ###....

Your spell library contained the following spells:

 Spells                   Type           Power        Failure   Level  Hunger
 Throw Icicle             Conj/Ice       ##......     50%         4    #####..
 Summon Ice Beast         Ice/Summ       #.......     58%         4    #####..


Dungeon Overview and Level Annotations

Branches:
Dungeon (1/15)

Altars:


Innate Abilities, Weirdness & Mutations

Shadows flee at your approach. (+LOS)
You can swim through water.
You cover ground slowly.
You can hop short distances.


Message History

You are feeling hungry.
You start resting.
HP restored.
You see here a hobgoblin corpse.
You now have 23 gold pieces (gained 3).
You see here a hobgoblin corpse.
There is a stone staircase leading down here.
Done exploring.
Done exploring.
You are feeling very hungry.
You open the door.
There is an open door here.
There is an open door here.
There is an open door here.
There is a staircase leading out of the dungeon here.
There is a staircase leading out of the dungeon here.
Are you sure you want to leave the Dungeon?
This will make you lose the game!
Alright, then stay!
Are you sure you want to leave the Dungeon?
This will make you lose the game!
You have escaped!

###............# #...........#
..+............# #...........#
###............# #...........#
......############# #############
......# ##≈##≈## #..........
......#######≈P≈≈♣≈## #..........
#.........##≈P8P♣8♣≈# #..........
'..........##.P..♣≈##############
#...............@.....###########
#.........###....P≈##............
#.........##≈.8.P8P≈#.###########
#.........###≈.≈≈P≈##.#........#
#.......).# ##≈##≈###.....####.#
#.........# ######...#.#.# #.#
#.........# #####.#.#.#.# #.#
#.........# #.....#.#.#.# #.#
#.........# #.###.#.#.#.# #.#


There were no monsters in sight!

Vanquished Creatures
  A gnoll (D:1)
  A dart slug (D:1)
  2 leopard geckos (D:1)
  A giant cockroach (D:1)
  4 hobgoblins (D:1)
  4 jackals (D:1)
  3 bats (D:1)
  A frilled lizard (D:1)
  4 goblins (D:1)
  4 kobolds (D:1)
  9 rats (D:1)
34 creatures vanquished.

Vanquished Creatures (others)
  4 toadstools (D:1)
4 creatures vanquished.

Grand Total: 38 creatures vanquished

Notes
Turn   | Place    | Note
-------+----------+-------------------------------------------
     0 | D:1      | Emblim88 the Barachi Ice Elementalist began the quest for
                  | the Orb.
     0 | D:1      | Reached XP level 1. HP: 13/13 MP: 3/3
    63 | D:1      | Reached skill level 4 in Ice Magic
    63 | D:1      | Reached XP level 2. HP: 9/19 MP: 0/5
   221 | D:1      | Learned a level 2 spell: Throw Frost
   699 | D:1      | Reached XP level 3. HP: 24/24 MP: 4/6
   704 | D:1      | Learned a level 3 spell: Ozocubu's Armour
  1973 | D:$      | Got out of the dungeon alive.

Levels and vault maps discovered:
D:1:      ldierk_walled_garden_2, layout_basic

Skill      XL: |  1 |
---------------+----+-----
Ice Magic      | 4 |  4.7
Dodging        | |  2.8
Stealth        | |  1.7
Spellcasting   | |  2.8
Conjurations   | |  1.1

Action                   || total
-------------------------++-------
Melee: Club              ||    34
 Cast: Freeze            ||    40
       Throw Frost       ||     8
  Eat: Ration            ||     1
Armor: Robe              ||    14
Dodge: Dodged            ||    58
